 Dungeon Crawl Stone Soup version 0.27-a0-1177-g245c70e1c0 (webtiles) character file.

Game seed: 15995717429462232901

119 Grimdewalt the Ducker (level 5, -6/40 HPs)
             Began as a Djinni Warper on May 16, 2021.
             Killed by nerve-wracking pain
             ... invoked by an orc priest
              (12 damage)
             ... on level 2 of the Dungeon.
             The game lasted 00:03:39 (1254 turns).

Grimdewalt the Ducker (Djinni Warper)               Turns: 1254, Time: 00:03:39

Health: -6/40      AC:  4    Str: 11    XL:     5   Next: 23%
Gold:   125        EV: 12    Int: 14    God:
                   SH:  0    Dex: 13

rFire    + + .     SeeInvis .   a - +0 mace
rCold    x . .     Faith    .   (no shield)
rNeg     . . .     Spirit   .   b - +0 leather armour
rPois    ∞         Reflect  .   (no helmet)
rElec    .         Harm     .   (no cloak)
rCorr    .         Rampage  .   p - +0 pair of gloves
Will     .....                  (boots unavailable)
Stlth    +.........             c - amulet of regeneration
HPRegen  1.13/turn              (no ring)
MPRegen  0.00/turn              (no ring)

@: flying
A: sickness immunity, fire resistance 2, cold vulnerability 1, float, innate
caster, hp casting, extra vitality 1
a: no special abilities


You were on level 2 of the Dungeon.
You visited 1 branch of the dungeon, and saw 3 of its levels.

You collected 125 gold pieces.

Inventory:

Hand Weapons
 a - a +0 mace (weapon)
Missiles
 e - 5 boomerangs of dispersal (quivered)
 n - 8 poisoned darts
Armour
 b - a +0 leather armour (worn)
 p - a +0 pair of gloves (worn)
Jewellery
 c - an amulet of regeneration (around neck)
Wands
 f - a wand of iceblast (7)
Scrolls
 d - a scroll of blinking
 g - a scroll of fear {unknown}
 h - a scroll of identify {unknown}
 j - a scroll of immolation
 k - a scroll of acquirement {unknown}
 l - a scroll of noise {unknown}
 q - a scroll of amnesia {unknown}
Potions
 i - 2 potions of curing {unknown}
 m - a potion of heal wounds {unknown}
 o - 2 potions of invisibility {unknown}


   Skills:
 + Level 2.8 Fighting
 + Level 2.3 Maces & Flails
 - Level 0.7 Throwing
 + Level 2.0 Armour
 + Level 3.0 Dodging
 + Level 2.9 Spellcasting


You couldn't memorise any spells.
You knew the following spells:

 Your Spells              Type           Power      Damage    Failure   Level
a - Blink                 Tloc           N/A        N/A       13%         2
b - Lesser Beckoning      Tloc           5%         N/A       26%         3
c - Gell's Gravitas       Tloc           5%         N/A       26%         3
d - Teleport Other        Tloc           10%        N/A       26%         3
e - Manifold Assault      Tloc           10%        N/A       93%         5
f - Foxfire               Conj/Fire      40%        2x1d6     9%          1
g - Slow                  Hex            10%        N/A       13%         2
Your spell library was empty.

Dungeon Overview and Level Annotations

Branches:
Dungeon (3/15)

Altars:


Innate Abilities, Weirdness & Mutations

You are immune to sickness and miasma.
You are immune to poison.
Your flesh is very heat resistant. (rF++)
You are vulnerable to cold. (rC-)
You float through the air rather than walking.
You learn spells naturally, not from books.
Your magical power is your life essence.
You have superior vitality. (+4 HP)


Message History

The orc priest hits you with a +0 hand axe.
You hit the orc priest.
The orc priest is moderately wounded.
The orc priest mumbles some strange prayers to Beogh against you.
Pain shoots through your body!
You barely miss the orc priest.
The orc priest is moderately wounded.
The orc priest calls down the wrath of Beogh upon you.
Beogh smites you! The orc priest misses you.
You hit the orc priest but do no damage.
The orc priest is moderately wounded.
The orc priest mumbles some strange prayers to Beogh against you.
You struggle to resist.
You hit the orc priest.
The orc priest is heavily wounded.
The orc priest barely misses you.
You hit the orc priest but do no damage.
The orc priest is heavily wounded.
The orc priest barely misses you.
You hit the orc priest but do no damage.
The orc priest is heavily wounded.
The orc priest completely misses you. The orc priest barely misses you.
You barely miss the orc priest.
The orc priest is heavily wounded.
The orc priest hits you with a +0 hand axe.
You hit the orc priest but do no damage.
The orc priest is heavily wounded.
The orc priest hits you with a +0 hand axe.
You closely miss the orc priest.
The orc priest is heavily wounded.
The orc priest looks braver for a moment.
The orc priest hits you but does no damage.
You hit the orc priest.
The orc priest is severely wounded.
The orc priest barely misses you.
You hit the orc priest.
The orc priest is almost dead.
The orc priest mumbles some strange prayers to Beogh against you.
Beogh smites you!
You hit the orc priest but do no damage.
The orc priest is almost dead.
The orc priest barely misses you.
The orc priest invokes the aid of Beogh against you.
Beogh smites you!
* * * LOW HITPOINT WARNING * * *
You closely miss the orc priest.
The orc priest is almost dead.
The orc priest calls down the wrath of Beogh upon you.
Pain shoots through your body!
You die...

#.....# #.....# #.....# #.....#
#############.....#
.........)........# ##### ##
.......######.....#####...######.
.......# #..)..##.....###.....
.......# #..)@.##.#..#.....###
...###.## ##..o.............##
...###..####..###......##..#.#
...........#..###.....###....#
+########'....#<..[..##...#..#
#........#..............###..#
#.+####'.#.............## #..####
#.#....#.#............######.....
#.#.##.#.#.......................


You could see an orc priest.

Vanquished Creatures
  A hound (D:2)
  A gnoll (D:1)
  2 adders (D:2)
  A worm (D:2)
  3 dart slugs
  3 orcs (D:2)
  2 ball pythons
  4 bats
  5 giant cockroaches
  2 goblins (D:1)
  4 hobgoblins
  6 kobolds
  3 quokkas
  4 frilled lizards
  7 rats
48 creatures vanquished.

Vanquished Creatures (others)
  5 foxfires (D:1)
5 creatures vanquished.

Grand Total: 53 creatures vanquished

Notes
Turn   | Place    | Note
-------+----------+-------------------------------------------
     0 | D:1      | Grimdewalt the Djinni Warper began the quest for the Orb.
     0 | D:1      | Reached XP level 1. HP: 18/18 MP: 0/0
   105 | D:2      | Reached XP level 2. HP: 23/23 MP: 0/0
   232 | D:1      | Reached XP level 3. HP: 28/28 MP: 0/0
   232 | D:1      | Learned a level 1 spell: Foxfire
   517 | D:1      | Found a faded altar of an unknown god.
   578 | D:1      | Reached XP level 4. HP: 34/34 MP: 0/0
   753 | D:2      | Reached skill level 3 in Dodging
   829 | D:2      | Reached XP level 5. HP: 39/39 MP: 0/0
   829 | D:2      | Learned a level 2 spell: Slow
  1254 | D:2      | Killed from afar by an orc priest

Illustrated notes

Levels and vault maps discovered:
D:1:      lemuel_arrival_rhombus, layout_rooms,
          hellmonk_ecumenical_altar_blasted
D:2:      layout_rooms, minivault_11, minmay_misc_feat_cross
D:3:      layout_rooms, cheibrodos_sewer_entry_sluice, kennysheep_doodads,
          uniq_natasha

Skill      XL: |  1  2  3  4 |
---------------+-------------+-----
Maces & Flails | 2 |  2.3
Dodging        | 3 |  3.0
Armour         | 2 |  2.0
Fighting       | |  2.8
Throwing       | |  0.7
Spellcasting   | |  2.9

Action                   |  1- 3 |  4- 6 || total
-------------------------+-------+-------++-------
Melee: Mace              |    76 |   146 ||   222
 Cast: Foxfire           |     3 |       ||     3
Armor: Leather armour    |    17 |    40 ||    57
Dodge: Dodged            |    70 |   114 ||   184

Table legend: (Time is in decaauts)
 A = Elapsed time spent in this place.
 B = Non-inter-level travel time spent in this place.
 C = Inter-level travel time spent in this place.
 D = Time resting spent in this place.
 E = Time spent auto-exploring this place.
 F = Levels seen in this place.
 G = Mean time per level.
                   A        B        C        D        E       F      G
               +--------+--------+--------+--------+--------+-----+--------+
         Total |   1323 |   1306 |     17 |     20 |    705 |   3 |  441.0 |
       Dungeon |   1323 |   1306 |     17 |     20 |    705 |   3 |  441.0 |
               +--------+--------+--------+--------+--------+-----+--------+

Top non-repeatable levels by time:
     D:2: 710 daAuts
     D:1: 565 daAuts
     D:3: 47 daAuts
